 Dungeon Crawl Stone Soup version 0.29.0-5-ge4962eb29e (webtiles) character file.

Game seed: 17327797819491408838

22 Arcadio the Stinger (level 2, -1/19 HPs)
             Began as a Merfolk Venom Mage on Aug 29, 2022.
             Slain by a worm (7 damage)
             ... on level 2 of the Dungeon.
             The game lasted 00:04:04 (1376 turns).

Arcadio the Stinger (Merfolk Venom Mage)            Turns: 1376, Time: 00:04:05

Health: -1/19      AC:  3    Str:  8    XL:     2   Next: 91%
Magic:  0/5        EV: 13    Int: 14    God:
Gold:   49         SH:  0    Dex: 14    Spells: 2/5 levels left

rFire   . . .      SeeInvis .   d - +0 whip
rCold   . . .      Faith    .   (no shield)
rNeg    . . .      Spirit   .   a - +0 robe
rPois   .          Reflect  .   f - +0 helmet
rElec   .          Harm     .   (no cloak)
rCorr   .          Rampage  .   (no gloves)
Will    .....                   (no boots)
Stlth   ++........              (no amulet)
HPRegen 0.06/turn               e - ring of flight
MPRegen 0.09/turn               (no ring)

@: flying
A: (nimble swimmer 2), mertail
a: no special abilities


You were on level 2 of the Dungeon.
You visited 1 branch of the dungeon, and saw 2 of its levels.

You collected 49 gold pieces.

Inventory:

Hand Weapons
 d - a +0 whip (weapon)
Armour
 a - a +0 robe (worn)
 f - a +0 helmet (worn)
Jewellery
 e - a ring of flight (left hand)
Scrolls
 i - a scroll of noise {unknown}
Potions
 b - a potion of magic
 c - a potion of heal wounds {unknown}
 g - a potion of curing {unknown}
 h - a potion of mutation {unknown}


   Skills:
 + Level 3.4 Dodging
 - Level 2.1 Stealth
 + Level 2.3 Spellcasting
 - Level 1.3 Transmutations
 + Level 3.7 Poison Magic


You had 2 spell levels left.
You knew the following spells:

 Your Spells              Type           Power      Damage    Failure   Level
a - Sting                 Tmut/Pois      32%        1d4       9%          1
b - Poisonous Vapours     Pois/Air       12%        N/A       16%         2

Your spell library contained the following spells:

 Spells                   Type           Power      Damage    Failure   Level
 Shock                    Conj/Air       4%         1d3       22%         1
 Mephitic Cloud           Conj/Pois/Air  5%         N/A       38%         3
 Olgreb's Toxic Radiance  Pois           12%        N/A       45%         4


Dungeon Overview and Level Annotations

Branches:
Dungeon (2/15) Zot: 10624

Altars:


Innate Abilities, Weirdness & Mutations

((You are very nimble when in or above water. (Stealth+, EV+, Speed+++)))
Your lower body shifts to a powerful aquatic tail in water.


Message History

You can't see any susceptible monsters within range! (Use Z to cast anyway.) Unknown command.
Casting: Poisonous Vapours (safe; 16% risk of failure)
Confirm with . or Enter, or press ? or * to list all spells.
Aiming: Poisonous Vapours (safe; 16% risk of failure)
Press: ? - help, Dir - move target, f - worm
Aim: a worm Poisonous vapours surround the worm!
The worm is poisoned.
Casting: Poisonous Vapours (safe; 16% risk of failure)
Confirm with . or Enter, or press ? or * to list all spells.
Aiming: Poisonous Vapours (safe; 16% risk of failure)
Press: ? - help, Dir - move target, f/p - worm
Aim: a worm (poisoned) Poisonous vapours surround the worm!
The worm looks even sicker.
Casting: Poisonous Vapours (safe; 16% risk of failure)
Confirm with . or Enter, or press ? or * to list all spells.
You don't have enough magic to cast this spell.
Unknown command.
Casting: Poisonous Vapours (safe; 16% risk of failure)
Confirm with . or Enter, or press ? or * to list all spells.
Aiming: Sting (safe; 9% risk of failure)
Press: ? - help, Shift-Dir - straight line, f/p - worm
Aim: a worm (very poisoned, 89% to hit)
The sting misses the worm.
Unknown command.
You hit the worm.
The worm is heavily wounded.
You hit the worm but do no damage.
The worm is heavily wounded.
The worm bites you!
You barely miss the worm.
The worm is moderately wounded.
The worm bites you.
You hit the worm.
The worm is heavily wounded.
The worm looks more healthy.
You barely miss the worm.
The worm is heavily wounded.
The worm bites you!
You die...

#### ##.....#.. ..#
#......#.# #.#
#.####.###
#.#####....†...<
######.......####.###
#..........#.# #.###
####.##..####.#.#
#.... ......#..#
#...# ##### #...@.#
##### #....w##
#.###.. # #... .....
...... .......
#.....###


You could see a worm.

Vanquished Creatures
  A dart slug (D:1)
  2 ball pythons
  2 endoplasms (D:1)
  3 hobgoblins
  A quokka (D:1)
  4 bats
  A frilled lizard (D:2)
  5 kobolds (D:1)
19 creatures vanquished.

Notes
Turn   | Place    | Note
-------+----------+-------------------------------------------
     0 | D:1      | Arcadio the Merfolk Venom Mage began the quest for the Orb.
     0 | D:1      | Reached XP level 1. HP: 13/13 MP: 3/3
   428 | D:1      | Found a faded altar of an unknown god.
   451 | D:1      | Got Plato's Directory of Blasting
   517 | D:1      | Reached XP level 2. HP: 19/19 MP: 3/5
   803 | D:1      | Learned a level 2 spell: Poisonous Vapours
  1376 | D:2      | Slain by a worm

Illustrated notes

Levels and vault maps discovered:
D:1:      dpeg_arrival_tiny_h, layout_basic,
          shapermc_ecumenical_altar_rom_forum, hangedman_decor_points,
          chequers_serial_rivers_room_b, kennysheep_pointless_box
D:2:      layout_basic

Skill      XL: |  1 |
---------------+----+-----
Dodging        | 3 |  3.4
Stealth        | |  2.1
Spellcasting   | |  2.3
Transmutations | |  1.3
Poison Magic   | |  3.7

Action                   || total
-------------------------++-------
Melee: Whip              ||    34
 Cast: Sting             ||    20
       Poisonous Vapours ||     5
 Stab: Sleeping          ||     1
Armor: Robe              ||    11
Dodge: Dodged            ||    27
